Map: Deathaura LE

Players

Massa - Winner!

  • Race: Terran Terran
  • League: Platinum
  • Spawn Location: 5:00

lantrixsoof

  • Race: Protoss Protoss
  • Spawn Location: 11:00

VOD

Have the link to the VOD?

Description

Time

  • Played on: Oct. 3, 2020, 6:11 a.m.
  • Length: 16:23
Show
View Real Time Build Order
Export as new Build Order

Massa Terran - Winner!

Build Orders: Reaper Expand 

Get SALT Encoding   

  12  0:00  SCV  
  13  0:12  SCV  
  14  0:16  Supply Depot  
  14  0:24  SCV  
  15  0:38  SCV  
  15  0:40  Barracks  
  16  0:50  SCV  
  16  0:51  Refinery  
  17  1:00  Refinery  
  17  1:02  SCV  
  18  1:37  Command Center  
  18  1:38  Reaper  
  19  1:54  Orbital Command  
  19  2:09  Marine  
  19  2:14  Factory  
  20  2:20  SCV  
  21  2:24  Supply Depot  
  21  2:36  Barracks Tech Lab  
  21  2:38  SCV  
  22  2:50  SCV  
  23  3:15  Orbital Command  
  23  3:16  Barracks Tech Lab  
  23  3:17  SCV  
  24  3:21  Supply Depot  
  24  3:23  Siege Tank  
  27  3:29  SCV  
  27  3:30  Barracks  
  27  3:32  Barracks  
  28  3:40  Engineering Bay  
  29  3:41  SCV  
  29  3:53  SCV  
  29  4:03  SCV  
  29  4:05  SCV  
  29  4:07  Marauder  
  29  4:08  Stimpack  
  33  4:15  Supply Depot  
  33  4:16  SCV  
  34  4:17  SCV  
  34  4:18  Barracks Reactor  
  34  4:19  Barracks Reactor  
  34  4:23  Missile Turret  
  35  4:29  Marauder  
  37  4:33  SCV x2  
  39  4:45  Starport  
  39  4:53  Marauder  
  39  4:54  Marine  
  39  4:55  Marine x2, Command Center  
  39  4:56  Marine  
  39  4:59  Widow Mine  
  47  5:01  SCV  
  47  5:04  SCV  
  49  5:15  Missile Turret  
  49  5:18  Missile Turret  
  49  5:21  Widow Mine, Missile Turret  
  51  5:26  Missile Turret  
  51  5:29  Marine x2  
  51  5:30  Marauder, Marine  
  51  5:31  Marine  
  51  5:33  SCV  
  58  5:47  Medivac  
  60  5:53  SCV x2  
  62  6:00  Combat Shield  
  62  6:07  SCV x2  
  64  6:13  Supply Depot  
  64  6:16  Supply Depot  
  64  6:19  SCV x2  
  66  6:38  Marauder, Marine x2  
  66  6:39  Marine x2  
  72  6:40  Siege Tank  
  75  6:56  Marine x2  
  75  7:00  Marauder  
  61  7:12  Marine x2  
  61  7:14  Marine x2  
  65  7:18  Siege Tank  
  65  7:21  Marauder  
  70  7:23  Refinery x2  
  70  7:28  SCV  
  70  7:29  SCV, Marine  
  72  7:30  Marine, Medivac  
  72  7:32  Marine  
  77  7:40  SCV  
  77  7:41  SCV  
  77  7:43  Marauder  
  81  7:50  Missile Turret  
  81  7:52  Sensor Tower  
  81  7:53  SCV  
  81  7:56  Marine x4, Terran Infantry Weapons Level 1  
  86  8:04  Orbital Command, Marauder  
  88  8:06  SCV x2  
  88  8:11  Missile Turret  
  90  8:13  Marine  
  90  8:14  Marine x2  
  93  8:22  Supply Depot  
  93  8:27  Sensor Tower  
  93  8:31  Supply Depot x2  
  93  8:32  Supply Depot  
  93  8:33  Missile Turret  
  93  8:41  Refinery x2  
  93  8:42  Starport Reactor  
  93  8:43  SCV x2, Marine x4  
  93  8:44  Marauder  
  101  8:48  Ghost Academy  
  101  8:53  SCV, Missile Turret x2  
  102  8:55  SCV x2, Supply Depot  
  102  8:57  Supply Depot  
  102  9:01  Marine  
  105  9:05  SCV, Marine x3  
  105  9:06  Marauder  
  105  9:08  SCV x2  
  115  9:10  Widow Mine  
  115  9:17  SCV  
  115  9:19  Marine  
  115  9:20  SCV x2  
  115  9:23  Marine x2  
  121  9:27  Marauder  
  121  9:29  SCV, Marine  
  127  9:31  Widow Mine  
  127  9:32  SCV, Barracks  
  127  9:36  Marine  
  129  9:38  Barracks  
  129  9:41  Marine x2  
  131  9:48  Marauder  
  131  9:51  Enhanced Shockwaves  
  131  9:52  Siege Tank  
  136  9:56  Marine x2  
  136  9:59  Marine x2, Concussive Shells  
  140  10:06  Command Center  
  136  10:10  Marauder  
  136  10:14  Marine x2  
  136  10:24  Marine x2, Siege Tank  
  141  10:29  Barracks Tech Lab  
  141  10:31  Barracks Tech Lab  
  141  10:38  Supply Depot x2  
  141  10:40  Supply Depot  
  141  10:42  Supply Depot  
  141  10:48  Missile Turret  
  141  10:54  Supply Depot  
  141  10:56  Supply Depot  
  141  10:58  Supply Depot  
  141  10:59  Marauder, Medivac x2  
  141  11:02  Supply Depot  
  147  11:09  Personal Cloaking  
  147  11:16  Ghost x2  
  151  11:19  Marine x4  
  151  11:21  Marauder  
  157  11:29  Medivac x2  
  161  11:33  Siege Tank  
  161  11:37  Marine x2  
  168  11:40  SCV x3  
  168  11:41  Ghost  
  168  11:44  Ghost x2  
  175  11:52  SCV x3  
  178  11:56  Marine x4  
  182  12:04  SCV x3  
  182  12:05  Siege Tank  
  188  12:10  Ghost  
  188  12:13  Ghost x2  
  188  12:14  Marine x4  
  198  12:16  SCV x2  
  198  12:18  Missile Turret  
  199  12:28  SCV x2  
  187  12:32  Marine x2  
  178  12:39  Marauder  
  174  13:12  Marauder, Marine  
  180  13:13  Marauder x2, Marine x3  
  184  13:30  Marine x3  
  184  13:33  Marauder  
  191  13:34  Marauder x2  
  174  13:54  Marauder  
  180  13:55  Marauder x2  
  180  13:59  Marine  
  180  14:00  Marine x3  
  180  14:04  Nuke  
  180  14:15  Ghost  
  180  14:16  Ghost x2  
  183  14:17  Marine x3  
  183  14:18  Marine  
  185  14:35  Marine x3  
  185  14:36  Marine  
  189  14:43  Ghost  
  189  14:45  Marauder x2  
  191  14:53  Marine x3  
  191  14:54  Marine  
  194  15:04  Medivac x2  
  194  15:06  Siege Tank  
  196  15:34  Medivac x2  
  200  15:39  Command Center  
  200  15:52  Command Center  
Show
View Real Time Build Order
Export as new Build Order

lantrixsoof Protoss 

Build Orders: Archon Immortal 

Get SALT Encoding   

  12  0:01  Probe  
  13  0:13  Probe  
  14  0:25  Probe  
  14  0:27  Pylon  
  15  0:45  Probe (Chrono Boost), Gateway  
  16  0:52  Assimilator  
  16  0:56  Probe (Chrono Boost)  
  17  1:01  Probe (Chrono Boost)  
  18  1:09  Pylon  
  19  1:11  Probe (Chrono Boost)  
  19  1:23  Probe (Chrono Boost)  
  20  1:26  Assimilator  
  20  1:32  Probe (Chrono Boost)  
  21  1:34  Cybernetics Core  
  21  1:37  Probe  
  21  1:43  Gateway  
  21  1:49  Probe  
  22  2:02  Probe  
  22  2:04  Forge  
  22  2:08  Warp Gate (Chrono Boost)  
  23  2:14  Probe  
  24  2:17  Adept  
  26  2:26  Probe  
  27  2:34  Pylon  
  27  2:36  Stalker  
  29  2:38  Protoss Ground Weapons Level 1 (Chrono Boost)  
  28  3:07  Probe  
  29  3:18  Zealot x2  
  33  3:20  Nexus  
  33  3:26  Twilight Council  
  33  3:36  Pylon  
  33  3:44  Probe  
  34  3:56  Probe  
  33  4:04  Charge (Chrono Boost)  
  33  4:08  Probe  
  34  4:14  Gateway x2  
  34  4:16  Zealot  
  36  4:20  Probe  
  37  4:26  Pylon  
  37  4:32  Probe  
  38  4:39  Robotics Facility  
  38  4:45  Probe  
  39  4:46  Shield Battery  
  39  4:50  Probe  
  40  4:56  Shield Battery  
  40  4:57  Probe  
  40  4:58  Sentry  
  43  5:02  Probe  
  43  5:03  Assimilator  
  44  5:10  Pylon  
  44  5:12  Probe (Chrono Boost)  
  45  5:14  Probe (Chrono Boost), Protoss Ground Weapons Level 2 (Chrono Boost)  
  47  5:21  Zealot  
  47  5:23  Probe (Chrono Boost)  
  47  5:25  Probe (Chrono Boost)  
  50  5:28  Probe (Chrono Boost)  
  50  5:29  Pylon  
  50  5:31  Assimilator  
  50  5:33  Probe  
  52  5:39  Photon Cannon  
  52  5:42  Photon Cannon  
  52  5:45  Probe x2  
  54  6:04  Probe x2  
  56  6:13  Immortal (Chrono Boost)  
  56  6:15  Zealot x2  
  56  6:16  Probe  
  65  6:19  Dark Shrine  
  65  6:27  Probe  
  65  6:28  Probe  
  66  6:36  Zealot  
  66  6:37  Zealot x2  
  66  6:39  Probe, Zealot  
  75  6:49  Immortal (Chrono Boost)  
  65  7:10  Zealot x2  
  65  7:11  Zealot x2  
  65  7:14  Probe  
  74  7:30  Nexus  
  74  7:38  Pylon  
  74  7:39  Pylon  
  74  7:44  Gateway  
  74  7:46  Immortal  
  74  7:48  Gateway  
  78  7:52  Dark Templar x2  
  78  7:53  Gateway, Dark Templar  
  84  8:00  Pylon  
  84  8:03  Gateway  
  84  8:06  Pylon  
  84  8:08  Assimilator  
  84  8:10  Assimilator  
  84  8:15  Probe x2  
  86  8:26  Observer  
  87  8:27  Probe  
  87  8:29  Dark Templar  
  87  8:31  Dark Templar x2  
  94  8:44  Blink (Chrono Boost)  
  94  8:45  Gateway  
  94  8:46  Gateway  
  94  8:47  Protoss Ground Armor Level 1 (Chrono Boost)  
  94  8:54  Sentry x3  
  100  9:00  Warp Prism  
  102  9:03  Archon x3  
  102  9:09  Gateway  
  102  9:17  Probe x2, Gateway  
  102  9:18  Probe, Gateway  
  105  9:27  Robotics Facility  
  105  9:29  Probe  
  106  9:36  Immortal  
  106  9:37  Probe x2  
  112  9:49  Nexus  
  112  9:50  Zealot x2  
  112  9:51  Zealot  
  118  9:56  Pylon  
  118  10:00  Dark Templar x2  
  118  10:01  Zealot  
  118  10:03  Sentry  
  118  10:11  Photon Cannon  
  118  10:12  Photon Cannon  
  118  10:15  Probe  
  119  10:22  Gateway  
  119  10:23  Gateway  
  119  10:27  Probe  
  120  10:31  Immortal  
  124  10:37  Observer  
  124  10:42  Photon Cannon x2  
  125  10:43  Probe x3  
  128  10:50  Pylon  
  128  10:57  Forge x2  
  128  11:03  Probe  
  132  11:04  Probe x3  
  132  11:06  Pylon  
  132  11:08  Pylon  
  132  11:15  Probe  
  132  11:16  Probe, Zealot  
  132  11:17  Zealot x2  
  132  11:18  Zealot x2  
  144  11:29  Protoss Ground Weapons Level 3 (Chrono Boost)  
  144  11:32  Protoss Ground Armor Level 2 (Chrono Boost)  
  144  11:34  Protoss Shields Level 1 (Chrono Boost)  
  144  11:39  Warp Prism  
  144  11:41  Observer  
  144  11:46  Probe (Chrono Boost)  
  151  11:48  Assimilator  
  151  11:50  Assimilator  
  151  11:51  Probe (Chrono Boost)  
  151  11:52  Probe x2 (Chrono Boost)  
  151  11:55  Probe (Chrono Boost), Shield Battery  
  151  11:56  Pylon  
  151  11:59  Probe x3 (Chrono Boost)  
  151  12:00  Robotics Bay  
  155  12:04  Gateway x2  
  155  12:05  Probe  
  156  12:09  Probe  
  157  12:19  Zealot  
  157  12:20  Zealot  
  101  12:38  Zealot x3  
  101  12:39  Zealot x4  
  101  12:40  Zealot x2  
  78  13:03  Colossus  
  90  13:05  Extended Thermal Lance (Chrono Boost)  
  90  13:11  Dark Templar  
  90  13:12  Dark Templar x4  
  100  13:13  Dark Templar x3  
  100  13:17  Probe x2  
  100  13:18  Probe  
  109  13:30  Dark Templar x2  
  109  13:33  Zealot x3  
  95  13:45  Dark Templar  
  95  13:46  Dark Templar  
  93  13:53  Colossus (Chrono Boost)  
  86  13:58  Dark Templar x2  
  86  14:01  Zealot x3  
  86  14:02  Zealot  
  78  14:13  Zealot x2  
  51  14:26  Zealot  
  51  14:27  Zealot x4  
  51  14:28  Zealot x3  
  51  14:29  Zealot x2  
  51  14:31  Sentry x2  
  61  14:41  Observer  
  58  14:51  Dark Templar  
  58  14:52  Dark Templar x2  
  48  14:53  Dark Templar x2  
  46  15:01  Observer  
  46  15:03  Zealot x2  
  40  15:33  Zealot x4  
  44  15:38  Pylon  
  44  15:41  Pylon  
  44  15:42  Pylon  
  42  15:43  Pylon  
  42  15:49  Zealot  
  33  15:59  Zealot  
  29  16:08  Nexus  
Tags
 
Composition
Archon Immortal
League
Platinum
Matchup
PvT
Replay Pack
Multiplayer
Spawn Locations
Cross Positions
Add a new tag
Caveats
  • Supply blocks, unpowered buildings, or Contaminate may cause inaccurate times.
  • Supply counts are checked every 10 seconds.